AoeStats
← SellickSquare

Four Lakes

509954918Analyzed
1v1 RM · 2d ago on Sep 28, 2026· 37m 50s· 2 players
Game mode
Random Map
Map size
Tiny (2 player)
Population
200
Speed
Normal
Resources
Standard
Victory
Conquest
Starting age
Dark Age
Ending age
Imperial Age
RankedLock teamsTeams togetherTeam positionsShared explorationLock speedFull tech treeHidden civsTurbo modeCheats
Victory
Defeat
🇦🇷 Cumans · Argentina
1219
+15
🇬🇧 Persians · United Kingdom
1188
-15
SellickSquare
10:46 Feudal Age
10:03 Loom
11:18 Double-Bit Axe
11:16 Fishing Lines
14:17 Scale Barding Armor
15:04 Bloodlines
15:18 Forging
17:17 Scale Mail Armor
17:13 Horse Collar
20:36 Castle Age
18:51 Gold Mining
19:19 Stone Mining
21:35 Chain Barding Armor
22:07 Wheelbarrow
21:52 Bow Saw
21:38 Gillnets
22:56 Town Watch
23:49 Iron Casting
23:18 Husbandry
24:37 Gold Shaft Mining
24:07 Heavy Plow
27:24 Hand Cart
30:40 Imperial Age
31:32 Plate Barding Armor
31:02 Cavalier
LoKogan
10:57 Feudal Age
11:47 Double-Bit Axe
15:03 Loom
15:54 Wheelbarrow
16:58 Bloodlines
18:04 Scale Barding Armor
18:19 Horse Collar
19:06 Fishing Lines
23:10 Castle Age
22:21 Forging
22:11 Scale Mail Armor
22:03 Fletching
24:26 Chain Barding Armor
26:46 Iron Casting
28:15 Gold Mining
28:27 Heavy Plow
28:41 Bow Saw
31:25 Imperial Age
29:36 Stone Mining
30:21 Gold Shaft Mining
30:15 Medium Warships
30:41 Pikeman
31:38 Hand Cart
31:09 Town Watch
32:16 Squires
32:21 Cavalier
33:54 Plate Barding Armor
35:30 Blast Furnace
35:20 Ballistics
35:41 Guilds
37:01 Bodkin Arrow
Connection lost

Rejoining the realm…

Still unreachable

The connection could not be restored.

Session expired

The server has moved on; the page needs a fresh start.